Map: Nightshade LE

Players

antagomiR - Winner!

  • Race: Protoss Protoss
  • League: Gold
  • Spawn Location: 5:00

Littleween

  • Race: Terran Terran
  • League: Silver
  • Spawn Location: 11:00

VOD

Have the link to the VOD?

Description

Time

  • Played on: April 4, 2020, 8:39 p.m.
  • Length: 13:36
Show
View Real Time Build Order
Export as new Build Order

antagomiR Protoss - Winner!

Build Orders: Archon Immortal 

Get SALT Encoding   

  12  0:01  Probe  
  13  0:13  Probe  
  14  0:18  Pylon  
  14  0:25  Probe  
  15  0:39  Gateway  
  15  0:40  Probe  
  16  0:52  Probe  
  17  1:04  Probe  
  17  1:08  Assimilator  
  18  1:14  Assimilator  
  18  1:16  Probe  
  19  1:27  Cybernetics Core  
  19  1:28  Probe  
  20  1:34  Pylon  
  20  1:45  Probe  
  21  1:57  Probe  
  22  2:03  Warp Gate (Chrono Boost)  
  22  2:10  Probe, Adept (Chrono Boost)  
  24  2:22  Probe  
  25  2:33  Robotics Facility  
  25  2:34  Probe  
  26  2:46  Probe  
  26  2:49  Stalker  
  29  2:58  Probe  
  29  2:59  Pylon  
  30  3:16  Nexus  
  30  3:18  Gateway  
  30  3:19  Gateway  
  30  3:21  Observer  
  31  3:29  Probe  
  32  3:42  Observer  
  32  3:43  Probe  
  34  3:53  Pylon  
  34  3:55  Probe  
  35  4:06  Immortal  
  35  4:08  Pylon  
  39  4:11  Probe  
  39  4:12  Pylon  
  40  4:20  Shield Battery  
  40  4:23  Probe, Shield Battery  
  41  4:33  Probe  
  41  4:35  Probe  
  43  4:45  Probe  
  44  4:48  Probe  
  45  4:57  Probe  
  46  5:00  Probe, Twilight Council  
  46  5:01  Immortal  
  46  5:05  Sentry x3  
  57  5:09  Probe  
  57  5:12  Probe  
  59  5:16  Phoenix  
  59  5:25  Probe x2  
  61  5:30  Forge  
  61  5:37  Probe x2  
  61  5:39  Assimilator  
  61  5:41  Assimilator  
  63  5:49  Probe x2  
  65  5:55  Sentry x2  
  69  6:01  Probe x2  
  69  6:02  Pylon  
  71  6:06  Pylon  
  71  6:17  Probe x2  
  73  6:27  Stalker x2  
  73  6:28  Stalker  
  73  6:29  Probe x2  
  81  6:41  Probe x2  
  81  6:44  Protoss Ground Weapons Level 1 (Chrono Boost)  
  83  6:50  Gateway  
  83  6:52  Gateway  
  83  6:54  Gateway  
  83  6:56  Gateway  
  83  6:59  Gateway  
  83  7:01  Stalker x2  
  87  7:05  Immortal  
  91  7:19  Zealot  
  88  7:37  Photon Cannon  
  91  7:44  Immortal  
  91  7:51  Observer  
  91  7:55  Templar Archives  
  91  7:58  Probe  
  91  7:59  Probe  
  93  8:11  Probe  
  94  8:16  Nexus  
  94  8:26  Pylon  
  94  8:29  Pylon  
  94  8:31  Pylon  
  94  8:32  Pylon  
  94  8:33  Pylon  
  94  8:36  Pylon  
  94  8:44  Observer  
  95  8:49  Zealot x3  
  95  8:51  High Templar x2  
  95  8:52  High Templar  
  95  8:53  High Templar  
  109  9:18  Shield Battery  
  109  9:19  Pylon  
  109  9:20  Photon Cannon  
  109  9:22  Photon Cannon  
  109  9:24  Pylon, Shield Battery  
  109  9:25  Archon x2, Photon Cannon  
  109  9:27  Photon Cannon  
  109  9:28  Pylon  
  109  9:30  Probe x3  
  112  9:40  Assimilator  
  112  9:41  High Templar x3  
  112  9:42  Probe x2, Assimilator  
  112  9:43  High Templar  
  122  9:48  Zealot  
  122  9:49  Zealot x3  
  130  9:53  Archon  
  130  9:54  Charge (Chrono Boost), Archon  
  130  10:17  High Templar  
  130  10:20  Zealot x4  
  130  10:21  Zealot x3  
  145  10:45  Zealot x3  
  145  10:46  Zealot x3  
  145  10:47  Zealot  
  159  11:02  High Templar  
  161  11:05  Warp Prism  
  163  11:17  Probe  
  163  11:18  Probe x2  
  166  11:30  Probe, High Templar  
  166  11:32  High Templar  
  171  11:33  Zealot x3  
  171  11:35  Zealot  
  171  11:36  Zealot  
  171  11:38  Archon  
  181  11:49  Pylon  
  181  11:51  Archon  
  181  11:52  Pylon  
  181  11:54  Pylon  
  181  12:07  Observer  
  182  12:28  High Templar x4, Observer  
  182  12:29  High Templar  
  193  12:37  Zealot x3  
  193  12:40  Archon  
  193  12:41  Archon  
Show
View Real Time Build Order
Export as new Build Order

Littleween Terran 

Build Orders:  

Get SALT Encoding   

  12  0:03  SCV  
  13  0:15  SCV  
  13  0:20  Supply Depot  
  14  0:27  SCV  
  15  0:42  SCV  
  16  0:43  Barracks  
  16  0:54  SCV  
  17  1:00  Refinery  
  17  1:07  SCV  
  18  1:31  Supply Depot  
  18  1:32  SCV  
  19  1:45  SCV  
  20  1:47  Marine  
  20  1:52  Refinery  
  21  1:57  SCV  
  22  2:05  Marine  
  23  2:09  SCV, Command Center  
  24  2:21  SCV  
  25  2:23  Marine  
  25  2:25  Supply Depot  
  26  2:33  SCV  
  27  2:41  Marine  
  27  2:42  Factory  
  28  2:45  SCV  
  29  3:03  SCV  
  30  3:06  Barracks Tech Lab  
  30  3:22  Bunker  
  30  3:23  Orbital Command  
  30  3:25  Orbital Command  
  30  3:29  Factory Tech Lab  
  29  3:43  Starport  
  29  3:50  Marine  
  30  4:02  Barracks  
  30  4:03  Orbital Command  
  30  4:06  SCV  
  30  4:08  Marine, Stimpack  
  32  4:18  SCV  
  32  4:19  Siege Tank  
  36  4:26  Marine  
  37  4:33  SCV  
  38  4:43  Marine  
  40  4:45  SCV  
  40  4:57  SCV  
  40  4:59  Marine  
  42  5:01  Marine  
  43  5:09  SCV  
  43  5:11  SCV  
  45  5:15  Engineering Bay  
  45  5:17  Marine  
  45  5:18  Siege Tank  
  45  5:19  Marine  
  45  5:21  Medivac  
  52  5:22  SCV  
  52  5:23  SCV  
  54  5:29  Supply Depot  
  54  5:48  Combat Shield  
  54  5:51  Marine x2, SCV x2, Medivac  
  54  5:52  Supply Depot  
  54  5:53  Supply Depot  
  60  5:57  Terran Infantry Weapons Level 1  
  60  6:03  SCV x2, Refinery  
  62  6:13  Marine  
  62  6:14  Marauder  
  62  6:15  SCV  
  62  6:16  Supply Depot  
  66  6:27  SCV  
  66  6:31  Marine  
  66  6:32  Missile Turret  
  68  6:35  Marauder  
  68  6:39  SCV  
  71  6:40  Missile Turret  
  71  6:48  Viking  
  71  6:49  Marine  
  71  6:50  Barracks  
  71  6:51  SCV  
  75  6:55  Siege Tank  
  75  6:56  Marine, Missile Turret  
  75  6:57  Starport  
  79  7:02  Missile Turret  
  79  7:04  SCV  
  79  7:07  Marine  
  81  7:14  Marauder  
  83  7:16  SCV  
  84  7:23  Missile Turret  
  84  7:24  Marine  
  84  7:28  SCV  
  86  7:44  Refinery  
  86  8:05  Command Center  
  86  8:07  Supply Depot  
  86  8:09  Supply Depot  
  86  8:23  Marine, Viking, Siege Tank  
  86  8:24  Marauder  
  86  8:25  Viking  
  96  8:30  Supply Depot  
  96  8:32  Supply Depot  
  95  8:41  Marine  
  95  8:45  Marauder  
  89  8:51  SCV  
  89  8:53  Viking  
  89  8:54  Supply Depot  
  76  8:55  Viking  
  92  8:56  Siege Tank  
  92  8:59  Marine  
  98  9:06  Missile Turret, Marauder  
  100  9:14  Marine  
  100  9:17  Marine  
  101  9:23  Viking  
  104  9:25  Viking, Armory  
  104  9:27  Marine, Terran Infantry Armor Level 1  
  104  9:28  Siege Tank  
  104  9:30  SCV  
  111  9:32  Marine  
  111  9:34  Marine, Missile Turret, Orbital Command  
  113  9:46  Marauder  
  113  9:52  Marine  
  115  9:56  Missile Turret  
  115  9:59  Viking x2  
  120  10:00  Marine, Siege Tank  
  124  10:09  Orbital Command  
  124  10:16  Barracks  
  124  10:29  Missile Turret, Supply Depot  
  124  10:31  Supply Depot  
  124  10:32  Siege Tank  
  127  10:50  Missile Turret  
  127  10:54  Supply Depot  
  127  10:55  Marine x3  
  130  10:58  SCV  
  130  11:01  SCV  
  132  11:10  SCV  
  133  11:11  Missile Turret  
  133  11:13  SCV, Marine x3  
  137  11:25  SCV  
  138  11:31  Marine x2, Marauder  
  142  11:37  SCV  
  143  11:41  Siege Tank  
  143  11:42  Viking x2  
  143  11:46  Command Center  
  150  11:47  SCV  
  150  11:48  Marine  
  150  11:49  Marine, SCV  
  150  11:53  Marauder  
  156  12:00  Armory  
  156  12:01  SCV  
  156  12:02  Engineering Bay  
  156  12:06  Marine x2  
  159  12:12  Viking x2  
  159  12:13  SCV, Starport, Siege Tank  
  159  12:14  Marauder  
  169  12:24  Marine x2  
  169  12:25  SCV  
  172  12:35  Marine  
  173  12:40  Refinery  
  173  12:42  Marine x2, Viking x2, Refinery  
  179  12:52  Siege Tank  
  179  12:53  Marauder  
  179  12:54  Supply Depot  
  184  13:00  Marine x2  
  184  13:01  Viking  
  190  13:13  Barracks  
  190  13:15  Marauder  
  190  13:17  Marine  
  190  13:18  Marine  
Tags
 
Composition
Archon Immortal
Matchup
PvT
Replay Pack
20200422
Spawn Locations
Cross Positions
Add a new tag
Caveats
  • Supply blocks, unpowered buildings, or Contaminate may cause inaccurate times.
  • Supply counts are checked every 10 seconds.